Map: Acropolis LE

Players

SKillous - Winner!

  • Race: Protoss Protoss
  • League: Grandmaster
  • Spawn Location: 11:00

SortOf

  • Race: Zerg Zerg
  • Spawn Location: 5:00

Event: NationWars 2019

VOD

Have the link to the VOD?

Description

Time

  • Played on: Oct. 13, 2019, 3:21 p.m.
  • Length: 13:31
Show
View Real Time Build Order
Export as new Build Order

SKillous Protoss - Winner!

Build Orders: 1 Gate Expand, Oracle Opening, Phoenix Opening, Archon Immortal 

Get SALT Encoding   

  12  0:02  Probe  
  14  0:14  Probe  
  14  0:21  Pylon  
  14  0:26  Probe  
  15  0:29  Assimilator  
  15  0:39  Probe (Chrono Boost)  
  16  0:43  Gateway  
  17  0:50  Probe (Chrono Boost)  
  17  0:54  Probe (Chrono Boost)  
  18  1:05  Probe  
  19  1:18  Probe  
  20  1:24  Nexus  
  20  1:32  Cybernetics Core  
  20  1:36  Probe  
  21  1:41  Assimilator  
  21  1:48  Probe  
  21  1:51  Pylon  
  22  1:59  Probe  
  23  2:07  Adept (Chrono Boost), Probe  
  23  2:15  Stargate, Probe  
  26  2:20  Warp Gate  
  27  2:27  Probe (Chrono Boost)  
  28  2:31  Stalker  
  28  2:36  Probe (Chrono Boost)  
  32  2:44  Probe (Chrono Boost)  
  32  2:45  Probe (Chrono Boost)  
  32  2:50  Probe (Chrono Boost)  
  34  2:54  Probe  
  35  2:58  Phoenix (Chrono Boost)  
  35  3:03  Probe  
  38  3:09  Probe  
  39  3:14  Pylon  
  39  3:15  Probe  
  43  3:20  Oracle (Chrono Boost)  
  43  3:21  Probe  
  43  3:24  Assimilator  
  43  3:26  Assimilator  
  45  3:27  Probe  
  45  3:29  Gateway  
  45  3:34  Probe  
  46  3:39  Probe  
  47  3:44  Pylon  
  47  3:46  Probe  
  47  3:48  Oracle (Chrono Boost)  
  48  3:51  Probe  
  52  3:57  Robotics Facility  
  52  3:58  Probe  
  53  4:03  Probe  
  54  4:10  Probe  
  54  4:11  Adept  
  54  4:15  Probe  
  58  4:17  Oracle (Chrono Boost)  
  58  4:22  Probe  
  60  4:27  Probe  
  60  4:29  Pylon  
  58  4:34  Probe  
  59  4:39  Probe  
  59  4:41  Nexus  
  59  4:43  Pylon  
  60  4:46  Probe  
  60  4:48  Observer (Chrono Boost)  
  62  4:54  Pylon  
  62  4:55  Forge  
  62  4:57  Twilight Council  
  62  5:01  Probe x2  
  62  5:05  Immortal  
  68  5:09  Sentry  
  68  5:12  Sentry  
  68  5:13  Probe (Chrono Boost)  
  73  5:14  Probe (Chrono Boost)  
  73  5:18  Pylon  
  74  5:25  Protoss Ground Weapons Level 1 (Chrono Boost)  
  74  5:26  Probe (Chrono Boost)  
  76  5:30  Charge (Chrono Boost)  
  76  5:31  Probe (Chrono Boost)  
  76  5:34  Probe (Chrono Boost), Gateway  
  77  5:38  Probe (Chrono Boost)  
  77  5:41  Probe, Gateway x2  
  79  5:50  Immortal (Chrono Boost)  
  79  5:52  Probe  
  79  5:53  Probe x2  
  83  6:04  Probe, Gateway  
  83  6:05  Probe, Gateway  
  83  6:09  Templar Archives, Probe  
  86  6:15  Gateway  
  86  6:17  Pylon  
  88  6:20  Zealot  
  88  6:25  Probe x2  
  90  6:26  Probe, Warp Prism (Chrono Boost)  
  90  6:32  Pylon, Assimilator  
  93  6:34  Pylon, Assimilator  
  93  6:37  Zealot  
  95  6:40  Pylon  
  95  6:49  High Templar x2  
  95  6:50  High Templar  
  95  6:52  High Templar  
  103  6:55  Archon  
  103  6:57  Archon  
  103  6:58  Zealot  
  103  6:59  Zealot  
  107  7:04  Gateway  
  107  7:06  Gateway  
  107  7:12  High Templar x2  
  111  7:22  Protoss Ground Weapons Level 2 (Chrono Boost)  
  108  7:24  Archon, Zealot x4  
  108  7:25  Zealot x2  
  108  7:27  Immortal  
  124  7:31  Probe  
  125  7:42  Nexus  
  125  7:43  Pylon  
  125  7:50  Zealot x5  
  132  7:56  Probe  
  132  7:57  Probe  
  128  7:59  Probe  
  128  8:00  Zealot  
  128  8:04  Zealot x4  
  136  8:10  Immortal (Chrono Boost)  
  140  8:17  Probe (Chrono Boost)  
  140  8:18  Pylon, Probe (Chrono Boost)  
  141  8:20  Pylon  
  141  8:21  Pylon, Probe (Chrono Boost)  
  141  8:30  Pylon x2  
  141  8:31  Pylon, Shield Battery  
  141  8:32  Photon Cannon  
  141  8:36  Photon Cannon  
  141  8:37  Photon Cannon  
  141  8:41  High Templar, Immortal (Chrono Boost)  
  141  8:42  High Templar x3  
  141  8:43  High Templar  
  141  8:44  High Templar  
  141  8:46  Archon x2  
  157  8:56  Archon  
  157  8:57  High Templar  
  157  8:58  High Templar, Zealot x2  
  157  9:02  Archon  
  165  9:05  Probe x2  
  163  9:25  Zealot  
  163  9:26  Zealot x7  
  151  9:41  Zealot  
  151  9:42  Zealot  
  151  9:43  Immortal (Chrono Boost)  
  151  9:45  Probe  
  144  9:49  Protoss Ground Weapons Level 3 (Chrono Boost), Probe, Blink (Chrono Boost)  
  144  9:50  Stalker x8  
  161  9:54  Probe x2, Forge  
  161  9:58  Probe, Assimilator  
  158  10:01  Probe  
  158  10:02  Assimilator  
  158  10:06  Probe x2  
  159  10:12  Probe  
  160  10:14  Nexus  
  160  10:15  Observer (Chrono Boost)  
  160  10:16  Pylon  
  161  10:29  Protoss Ground Armor Level 1 (Chrono Boost)  
  161  10:30  Gateway  
  161  10:32  Gateway x3  
  161  10:39  Photon Cannon  
  161  10:40  Photon Cannon  
  161  10:42  High Templar x5  
  167  10:43  High Templar, Photon Cannon  
  167  10:46  Archon x2  
  167  10:47  Zealot x3  
  177  10:50  Archon  
  177  10:53  Psionic Storm  
  177  11:03  Gateway  
  177  11:04  Gateway  
  175  11:11  Zealot  
  169  11:16  Zealot x9  
  179  11:28  Stalker x4  
  179  11:30  Probe x2  
  181  11:36  Zealot x7  
  189  11:44  Pylon  
  171  12:01  Zealot x4  
  177  12:02  High Templar  
  177  12:03  High Templar x3  
  177  12:04  Stalker x9  
  193  12:10  Assimilator  
  193  12:12  Assimilator  
  193  12:14  Pylon  
  193  12:20  Dark Shrine  
  193  12:24  Photon Cannon  
  193  12:26  Photon Cannon  
  193  12:29  Photon Cannon  
  193  12:31  Photon Cannon  
  193  12:46  Zealot x3  
  199  12:58  Nexus  
  199  13:01  Pylon  
  199  13:03  Gateway  
  199  13:04  Gateway x2  
  193  13:06  Gateway  
  193  13:07  Gateway x2  
  180  13:22  Archon  
Show
View Real Time Build Order
Export as new Build Order

SortOf Zerg 

Build Orders: Hatch First, Brood Lord Corruptor 

Get SALT Encoding   

  12  0:01  Drone  
  13  0:12  Overlord  
  13  0:17  Drone  
  14  0:30  Drone x2  
  16  0:47  Hatchery  
  15  0:50  Drone  
  15  0:54  Drone  
  17  0:57  Drone  
  18  1:08  Extractor  
  17  1:13  Spawning Pool  
  17  1:15  Drone  
  17  1:19  Drone  
  18  1:27  Drone  
  19  1:39  Drone  
  20  1:47  Hatchery  
  19  1:54  Drone  
  20  1:59  Zergling x2  
  20  2:00  Queen  
  23  2:05  Drone  
  24  2:10  Drone  
  24  2:11  Pneumatized Carapace  
  25  2:18  Overlord  
  25  2:28  Drone x2  
  27  2:35  Zergling x2  
  27  2:36  Queen  
  30  2:44  Drone x3  
  30  2:49  Metabolic Boost  
  33  2:55  Overlord  
  33  2:58  Drone  
  34  3:08  Drone x3  
  35  3:16  Drone  
  35  3:17  Queen  
  35  3:19  Drone x3  
  41  3:25  Queen  
  43  3:28  Drone  
  43  3:29  Drone  
  43  3:33  Overlord  
  45  3:38  Zergling x4  
  45  3:40  Drone x2  
  49  3:42  Spore Crawler  
  49  3:45  Spore Crawler  
  47  3:50  Overlord  
  47  3:52  Drone x2  
  49  3:55  Queen  
  49  4:01  Drone x3  
  54  4:14  Drone x3  
  54  4:15  Drone  
  58  4:20  Spore Crawler  
  58  4:21  Drone x6  
  62  4:25  Zergling x2  
  63  4:33  Spore Crawler, Drone x2  
  63  4:34  Queen  
  63  4:38  Drone x2  
  65  4:40  Overlord  
  65  4:44  Roach Warren, Overlord  
  64  4:45  Overlord  
  64  4:50  Drone x2  
  64  4:51  Lair  
  66  5:01  Drone x3, Extractor  
  66  5:02  Extractor  
  66  5:07  Drone x2  
  69  5:09  Drone x3  
  69  5:10  Drone x4  
  76  5:14  Evolution Chamber  
  76  5:17  Drone  
  78  5:23  Hatchery  
  76  5:29  Drone x2  
  76  5:30  Extractor, Baneling Nest  
  76  5:32  Drone x5  
  79  5:38  Drone  
  79  5:41  Queen  
  82  5:48  Drone x2  
  82  5:52  Glial Reconstitution  
  82  5:53  Zerg Melee Weapons Level 1, Overlord x2  
  82  5:58  Hatchery  
  82  6:03  Overlord  
  81  6:04  Drone x2, Extractor  
  81  6:05  Extractor  
  81  6:08  Infestation Pit  
  81  6:09  Overseer  
  81  6:10  Overlord  
  81  6:11  Overlord x2  
  80  6:13  Roach x4  
  88  6:21  Roach x5  
  98  6:27  Centrifical Hooks  
  98  6:29  Drone x6  
  98  6:32  Overseer  
  104  6:39  Zergling x2  
  105  6:40  Zergling x2  
  105  6:41  Zergling x4  
  108  6:51  Drone x2  
  108  6:52  Drone x8  
  108  6:53  Extractor  
  117  6:54  Spore Crawler  
  117  6:55  Extractor  
  117  6:56  Overlord  
  115  7:02  Hive  
  115  7:04  Overlord  
  115  7:05  Spire, Overlord  
  114  7:08  Roach  
  114  7:10  Roach  
  114  7:11  Roach  
  114  7:14  Roach  
  114  7:15  Roach x2  
  125  7:16  Ravager  
  125  7:17  Overseer, Ravager  
  125  7:22  Drone x4  
  128  7:26  Zergling x6  
  131  7:33  Zergling x12  
  137  7:41  Zergling x10  
  137  7:43  Ravager  
  143  7:48  Roach x5  
  147  7:55  Roach x6  
  147  7:57  Baneling x5  
  147  7:58  Baneling x5  
  148  8:07  Overlord  
  143  8:13  Overlord  
  143  8:17  Greater Spire  
  142  8:20  Zerg Melee Weapons Level 2  
  142  8:21  Adrenal Glands  
  142  8:22  Hatchery  
  141  8:28  Ravager x4  
  145  8:35  Overlord  
  145  8:37  Zergling x12  
  151  8:42  Hatchery  
  151  8:43  Baneling x3  
  151  8:44  Zergling x2  
  151  8:45  Zergling x2  
  152  8:59  Corruptor x4  
  152  9:01  Overlord x3  
  160  9:04  Overlord  
  160  9:15  Baneling x10  
  159  9:20  Zergling x14  
  160  9:27  Zergling x10  
  145  9:31  Roach x2  
  145  9:38  Roach x4  
  135  9:41  Roach  
  116  9:48  Roach x4  
  114  9:54  Roach x3  
  113  10:02  Roach x2  
  113  10:06  Baneling x11  
  116  10:14  Brood Lord x2  
  118  10:19  Drone x4  
  124  10:28  Hatchery  
  123  10:41  Corruptor x2, Brood Lord  
  129  10:44  Queen  
  131  10:53  Drone x6  
  137  11:01  Corruptor x2  
  118  11:26  Zergling x24  
  115  11:33  Brood Lord x2  
  115  11:52  Zergling x18  
  120  11:57  Baneling  
  120  11:58  Drone  
  120  11:59  Drone  
  121  12:05  Drone x2  
  121  12:08  Queen  
  123  12:09  Drone x2  
  123  12:15  Brood Lord  
  129  12:17  Brood Lord  
  131  12:24  Hatchery  
  127  12:31  Queen  
  127  12:34  Pathogen Glands  
  127  12:36  Drone x3  
  132  12:38  Baneling x4  
  132  12:40  Corruptor  
  132  12:47  Corruptor x2  
  132  12:57  Corruptor x4  
  140  12:59  Drone  
  140  13:05  Baneling x3  
  137  13:07  Zergling x12  
Tags
 
Add a new tag
Caveats
  • Supply blocks, unpowered buildings, or Contaminate may cause inaccurate times.
  • Supply counts are checked every 10 seconds.